Map: Kairos Junction LE

Players

Freeman - Winner!

  • Race: Terran Terran
  • League: Silver
  • Spawn Location: 5:00

A.I. 1 (Very Easy)

  • Race: Protoss Protoss
  • Spawn Location: 11:00

VOD

Have the link to the VOD?

Description

Time

  • Played on: Nov. 27, 2018, 5:33 p.m.
  • Length: 15:35
Show
View Real Time Build Order
Export as new Build Order

Freeman Terran - Winner!

Build Orders: Reaper Expand 

Get SALT Encoding   

  12  0:01  SCV  
  13  0:13  SCV  
  14  0:18  Supply Depot  
  14  0:25  SCV  
  15  0:39  SCV  
  15  0:40  Refinery  
  16  0:45  Barracks  
  16  0:51  SCV  
  17  1:03  SCV  
  18  1:15  SCV  
  19  1:32  Reaper  
  20  1:33  Orbital Command  
  20  1:44  Command Center  
  20  1:54  Supply Depot  
  20  1:59  SCV  
  21  2:08  Factory  
  21  2:13  Marine  
  22  2:20  SCV  
  23  2:25  Refinery, Engineering Bay  
  23  2:32  Marine, SCV  
  25  2:45  SCV  
  25  2:50  Marine  
  27  2:57  SCV  
  28  3:10  Bunker  
  28  3:13  Starport  
  28  3:14  Factory Tech Lab  
  28  3:19  Planetary Fortress  
  28  3:22  SCV  
  29  3:34  SCV  
  30  3:41  Refinery  
  30  3:43  Supply Depot  
  30  3:46  SCV  
  31  3:55  Starport Tech Lab, Missile Turret  
  31  3:58  Fusion Core  
  31  4:04  Refinery  
  31  4:06  Missile Turret  
  31  4:07  Missile Turret  
  31  4:09  Missile Turret  
  31  4:16  SCV x2  
  33  4:27  Supply Depot  
  34  4:31  SCV x2  
  35  4:40  Siege Tank  
  35  4:43  SCV  
  39  4:55  Battlecruiser  
  45  5:01  Supply Depot  
  45  5:08  Armory  
  45  5:11  SCV  
  46  5:19  SCV  
  47  5:23  SCV  
  48  5:32  SCV  
  48  5:35  SCV  
  50  5:38  Supply Depot  
  50  5:44  SCV  
  50  5:47  SCV  
  52  5:57  Starport  
  52  5:59  Terran Vehicle And Ship Armor Level 1, Battlecruiser  
  58  6:05  Armory  
  58  6:10  SCV  
  58  6:11  SCV  
  60  6:17  Supply Depot  
  60  6:22  SCV  
  60  6:23  SCV  
  62  6:43  Starport Tech Lab  
  62  6:44  Supply Depot  
  62  6:54  Terran Ship Weapons Level 1  
  62  7:00  Command Center  
  62  7:11  Weapon Refit  
  62  7:17  SCV x2  
  62  7:20  Command Center  
  64  7:27  Battlecruiser  
  64  7:29  SCV  
  71  7:36  Starport  
  71  7:44  Battlecruiser  
  77  8:15  SCV x2  
  79  8:31  Battlecruiser  
  79  8:32  Starport Tech Lab  
  85  8:41  Command Center  
  85  8:44  Refinery  
  85  8:47  Planetary Fortress  
  85  8:48  Refinery  
  85  8:50  Orbital Command  
  85  8:58  SCV  
  85  8:59  SCV  
  87  9:11  SCV  
  88  9:19  Missile Turret  
  88  9:20  Missile Turret  
  88  9:22  Missile Turret  
  88  9:24  Missile Turret  
  88  9:39  Sensor Tower  
  88  9:41  Missile Turret  
  88  9:42  SCV  
  88  9:44  Missile Turret  
  89  9:49  Missile Turret  
  89  9:56  Refinery  
  89  9:57  Sensor Tower  
  89  9:58  Planetary Fortress  
  89  10:02  Missile Turret  
  89  10:08  Command Center  
  89  10:11  SCV x3  
  92  10:20  Refinery  
  92  10:22  Missile Turret  
  92  10:23  Terran Vehicle And Ship Armor Level 2  
  92  10:24  Terran Ship Weapons Level 2  
  92  10:30  Battlecruiser  
  92  10:42  Starport  
  92  10:43  Sensor Tower, Battlecruiser  
  92  10:46  Missile Turret  
  92  10:52  SCV  
  92  10:53  SCV x2  
  92  11:07  Missile Turret  
  92  11:22  Orbital Command  
  92  11:28  Missile Turret  
  92  11:32  Command Center  
  92  11:40  Starport Tech Lab  
  92  11:42  Battlecruiser  
  92  11:43  Battlecruiser  
  92  11:47  Sensor Tower  
  92  11:49  Battlecruiser  
  92  11:59  Battlecruiser  
  92  12:42  Command Center  
  92  12:47  Battlecruiser x2  
  92  12:53  Battlecruiser  
  92  12:55  Orbital Command  
  92  13:09  Command Center, Battlecruiser  
  92  13:19  Starport  
  92  13:51  Battlecruiser x2  
  92  13:57  Battlecruiser  
  92  13:58  Refinery  
  92  14:03  Starport Tech Lab  
  92  14:13  Battlecruiser  
  92  14:22  Battlecruiser  
  92  14:23  Refinery  
  92  14:26  Orbital Command  
  92  14:34  Command Center  
  92  14:46  Missile Turret  
  92  14:49  Barracks Tech Lab  
  92  14:56  Planetary Fortress  
  92  15:07  Missile Turret  
  92  15:26  Missile Turret  
Show
View Real Time Build Order
Export as new Build Order

A.I. 1 (Very Easy) Protoss 

Build Orders: 1 Gate Expand, Nexus First 

Get SALT Encoding   

  12  0:00  Probe  
  13  0:13  Probe  
  14  0:20  Pylon  
  14  0:42  Gateway  
  14  1:01  Nexus  
  14  1:19  Pylon  
  14  1:21  Zealot  
  14  1:23  Assimilator  
  16  1:33  Probe  
  16  1:37  Cybernetics Core  
  17  1:42  Probe  
  18  1:53  Probe  
  19  2:02  Probe  
  19  2:04  Assimilator  
  20  2:12  Probe  
  20  2:14  Stalker  
  23  2:16  Warp Gate  
  23  2:19  Probe  
  24  2:24  Probe  
  25  2:35  Probe  
  26  2:50  Probe  
  27  2:52  Assimilator  
  27  2:54  Pylon  
  27  2:57  Probe  
  28  3:04  Probe  
  29  3:11  Probe  
  30  3:13  Robotics Facility  
  30  3:18  Probe  
  31  3:24  Probe  
  31  3:28  Adept  
  34  3:36  Probe  
  35  3:43  Probe  
  36  3:50  Probe  
  37  3:57  Probe  
  37  4:02  Observer  
  39  4:04  Probe  
  39  4:07  Probe  
  41  4:19  Probe  
  41  4:22  Probe  
  41  4:24  Observer  
  43  4:25  Assimilator  
  44  4:33  Probe  
  44  4:36  Pylon  
  45  4:40  Probe  
  45  4:41  Sentry  
  48  4:47  Probe  
  49  4:54  Probe  
  50  6:57  Probe  
  50  7:04  Probe  
  46  7:09  Stalker  
  46  7:11  Probe  
  45  7:18  Probe  
  42  7:25  Probe  
  42  7:26  Pylon  
  37  7:32  Probe  
  31  7:37  Zealot  
  31  7:39  Probe  
  30  7:51  Probe  
  31  7:58  Probe  
  30  8:05  Probe  
  24  8:06  Immortal  
  24  8:12  Probe  
  18  8:15  Probe  
  12  8:23  Probe  
  8  8:33  Probe  
  8  8:35  Stalker  
  9  8:48  Probe  
  7  9:00  Probe  
  3  9:03  Zealot  
  2  9:32  Stalker  
Tags
 
Add a new tag
Caveats
  • Supply blocks, unpowered buildings, or Contaminate may cause inaccurate times.
  • Supply counts are checked every 10 seconds.